 Dungeon Crawl Stone Soup version 0.22-a0-307-g2b15929 (webtiles) character file.

711802 xccam the Executioner (level 27, -2/243 HPs)
             Began as a Formicid Fighter on Apr 1, 2018.
             Was the Champion of Cheibriados.
             Slain by Antaeus
             ... wielding a +2 antimagic spear
              (51 damage)
             ... on level 7 of Cocytus.
             The game lasted 03:41:56 (64681 turns).

xccam the Executioner (Formicid Fighter)           Turns: 64681, Time: 03:41:57

Health: -2/243     AC: 42    Str: 49    XL:     27
Magic:  6/32       EV: 26    Int: 24    God:    Cheibriados [******]
Gold:   4399       SH: 30    Dex: 22    Spells: 26/26 levels left

rFire    + + .     SeeInvis +   L - +9 executioner's axe (elec)
rCold    + + +     Gourm    .   M - +2 large shield {rN+}
rNeg     + + .     Faith    +   H - +3 gold dragon scales
rPois    +         Spirit   .   (helmet unavailable)
rElec    .         Reflect  .   Y - +2 cloak {MR+}
rCorr    .         Harm     .   c - +2 pair of gloves
MR       +++..                  r - +2 pair of boots
Stlth    ..........             D - amulet of the Peasants {Faith rPois rF+ Dex-5 Stlth+}
HPRegen  0.50/turn              Q - ring of positive energy
MPRegen  0.23/turn              n - ring "Vatuetud" {*Drain rC+++ Str+3 Int+2 Stlth+}

@: very slow
A: permanent stasis, dig shafts and tunnels, four strong arms, antennae 3,
talons 1, rugged brown scales 1, yellow scales 1, dopey 1
}: 5/15 runes: serpentine, barnacled, slimy, silver, abyssal
a: Dig, Shaft Self, Bend Time, Temporal Distortion, Slouch, Step From Time,
Renounce Religion


You were on level 7 of Cocytus.
You worshipped Cheibriados.
Cheibriados was exalted by your worship.
You were not hungry.

You visited 12 branches of the dungeon, and saw 58 of its levels.
You visited the Abyss 1 time.
You visited 1 bazaar.
You also visited: Trove, Sewer, Volcano and Wizlab.

You collected 8868 gold pieces.
You spent 4469 gold pieces at shops.

Inventory:

Hand Weapons
 L - a +9 executioner's axe of electrocution (weapon)
Armour
 c - a +2 pair of gloves (worn)
 r - a +2 pair of boots (worn)
 H - +3 gold dragon scales (worn)
 M - a +2 large shield of positive energy (worn)
 X - a +2 plate armour of magic resistance
 Y - a +2 cloak of magic resistance (worn)
Jewellery
 a - the amulet "Idaenij" {+Rage rN++ Str-3 Int+4 SInv}
   (You found it on level 5 of the Vaults)

   [amulet of rage]

   It affects your strength (-3).
   It affects your intelligence (+4).
   It greatly protects you from negative energy.
   It lets you see invisible.
   It lets you go berserk.
 b - the amulet "Gachappu" {Faith -Tele rElec rN+}
   (You found it in a treasure trove)

   [amulet of faith]

   It allows you to gain divine favour quickly.
   It insulates you from electricity.
   It protects you from negative energy.
   It prevents most forms of teleportation.
 d - the ring "Hoamou" {*Corrode rF+ rN+ Str+7 Int-5}
   (You found it in a treasure trove)

   [ring of protection from fire]

   It affects your strength (+7).
   It affects your intelligence (-5).
   It protects you from fire.
   It protects you from negative energy.
   It may corrode you when you take damage.
 m - the amulet of Kekohao {RegenMP rC+ Int+5}
   (You took it off a vampire mage on level 4 of the Depths)

   [amulet of magic regeneration]

   It increases your magic regeneration.
   It affects your intelligence (+5).
   It protects you from cold.
 n - the ring "Vatuetud" (right hand) {*Drain rC+++ Str+3 Int+2 Stlth+}
   (You found it in a treasure trove)

   [ring of strength]

   It affects your strength (+3).
   It affects your intelligence (+2).
   It renders you almost immune to cold.
   It causes draining when unequipped.
   It makes you more stealthy.
 p - a +3 ring of slaying
 v - the ring of Ebiex {Ice rN+ SInv}
   (You took it off a skeletal warrior on level 15 of the Dungeon)

   [ring of ice]

   It enhances your ice magic.
   It makes you vulnerable to fire.
   It protects you from cold.
   It protects you from negative energy.
   It lets you see invisible.
 D - the amulet of the Peasants (around neck) {Faith rPois rF+ Dex-5 Stlth+}
   (You found it in a treasure trove)

   [amulet of faith]

   It allows you to gain divine favour quickly.
   It affects your dexterity (-5).
   It protects you from fire.
   It protects you from poison.
   It makes you more stealthy.
 K - an uncursed ring of stealth
 N - the ring "Ujypeure" {+Fly rElec MP-9 Int+7 Stlth+}
   (You took it off a frost giant on level 4 of the Depths)

   [ring of stealth]

   It affects your intelligence (+7).
   It insulates you from electricity.
   It affects your magic capacity (-9).
   It lets you fly.
   It makes you more stealthy.
 Q - a ring of positive energy (left hand)
 R - the ring "Qeow" {rCorr +Inv rElec MP+9 Int-2}
   (You bought it in a shop on level 2 of the Orcish Mines)

   [ring of resist corrosion]

   It affects your intelligence (-2).
   It insulates you from electricity.
   It affects your magic capacity (+9).
   It lets you turn invisible.
 T - the ring of Rifutim {Fire Int+5}
   (You found it on level 5 of the Vaults)

   [ring of fire]

   It enhances your fire magic.
   It affects your intelligence (+5).
   It protects you from fire.
   It makes you vulnerable to cold.
 W - an uncursed ring of protection from fire
 Z - the ring "Pyblid" {rF+ EV+2}
   (You found it on level 7 of Cocytus)

   [ring of evasion]

   It affects your evasion (+2).
   It protects you from fire.
Wands
 g - a wand of scattershot (5)
 s - a wand of flame (60)
 y - a wand of iceblast (7)
 z - a wand of acid (11)
 G - a wand of disintegration (84)
Scrolls
 h - 2 scrolls of magic mapping
 o - 8 scrolls of immolation
 t - 11 scrolls of identify
 u - 8 scrolls of enchant weapon
 A - 10 scrolls of fog
 C - 9 scrolls of summoning
 F - 3 scrolls of holy word
 J - 2 scrolls of silence
 O - 20 scrolls of remove curse
 P - 4 scrolls of brand weapon
 S - 2 scrolls of fear
Potions
 e - 2 potions of magic
 i - 7 potions of cancellation
 j - 14 potions of curing
 k - 2 potions of heal wounds
 l - 11 potions of flight
 q - 11 potions of lignification
 w - 2 potions of agility
 x - 14 potions of mutation
 B - 3 potions of ambrosia
 E - a potion of brilliance
 I - 2 potions of might
 U - 3 potions of resistance
Miscellaneous
 V - the horn of Geryon (inert)
Comestibles
 f - 64 rations


   Skills:
 + Level 23.5 Fighting
 - Level 26.0 Axes
 + Level 23.5 Armour
 + Level 20.3 Dodging
 - Level 19.0 Shields
 - Level 13.2 Invocations
 - Level 5.9 Evocations


You had 26 spell levels left.
You didn't know any spells.

Dungeon Overview and Level Annotations

Branches:
Dungeon (15/15)            Temple (1/1) D:6            Lair (6/6) D:10
 Shoals (4/4) Lair:3        Snake (4/4) Lair:4        Slime (5/5) Lair:5
    Orc (2/2) D:9             Elf (3/3) Orc:2        Vaults (5/5) D:13
  Crypt (0/3) Vaults:3     Depths (5/5) D:15           Hell (1/1)
    Dis (0/7) Hell            Geh (0/7) Hell            Coc (7/7) Hell
    Tar (0/7) Hell            Zot (0/5) Depths:5

Altars:
Ashenzari
Cheibriados
Dithmenos
Gozag
Kikubaaqudgha
Nemelex Xobeh
Okawaru
Qazlal
Ru
Sif Muna
Trog
Vehumet
Xom
Jiyva

Shops:
D:10 (}(*(   D:13 *}[*   Orc:1 (   Orc:2 (=*[   Elf:1 (   Elf:2 (   Elf:3 [
Shoals:4 :   Snake:1 !*   Snake:3 [   Vaults:1 ([}*[   Vaults:4 *   Depths:3 !

Portals:
Hell: Depths:1 Depths:2 Depths:3 Depths:4 Depths:5
Abyss: Depths:1 Depths:2 Depths:4
Pandemonium: Depths:3 Depths:5
Ziggurat: Depths:1

Annotations:
Coc:7 Antaeus


Innate Abilities, Weirdness & Mutations

You cannot be hasted, slowed, berserked, paralysed or teleported.
You can dig through walls and to a lower floor.
Your four strong arms can wield two-handed weapons with a shield.
You have a pair of large antennae on your head. (SInv)
You have sharp toenails.
You are partially covered in rugged brown scales. (AC +1, +3% HP)
You are partially covered in yellow scales. (AC +2)
You are dopey. (Int -2)


Message History

Antaeus hits you with an antimagic spear.
* * * LOW HITPOINT WARNING * * *
Antaeus freezes you! You resist.
* * * LOW HITPOINT WARNING * * *
Antaeus blocks your attack.
Antaeus is almost dead.
You feel a little less mighty now. Antaeus gestures at you.
The bolt of lightning hits you!
* * * LOW HITPOINT WARNING * * *
Unknown command.
You feel much better. Antaeus gestures at you.
The bolt of lightning misses you.
You feel better. The ice encasing you melts away.
You block Antaeus's attack. x2
You feel better.
Antaeus hits you with an antimagic spear!!!
You die...

###≈≈≈...........≈≈##
##≈≈....#####....≈≈#
##≈≈...##)φ ##....≈#
≈≈≈ ##≈....#...
#....≈# ≈≈≈≈≈
##≈....#.|. #....≈#
≈≈≈≈≈ #≈....#.}.
#....≈# ≈≈≈≈≈ ≈.. #..
##....≈# .≈≈≈≈
....##C##.....≈#
..≈≈≈
.......@.....≈≈#
≈..≈≈
≈......†....≈≈≈#
≈....
≈≈.........≈≈≈≈#
≈≈.∩.
≈≈≈......≈≈≈≈≈≈#
≈≈...
≈≈≈≈≈...≈≈≈≈≈≈≈#
≈≈≈≈.
≈≈≈≈≈≈≈≈≈≈≈≈≈≈≈#
≈≈≈≈≈
≈≈≈≈≈≈≈≈≈≈≈≈≈≈##
≈≈≈≈≈ ≈≈≈≈≈≈≈≈≈≈≈≈≈##
#≈≈≈≈ #####


You could see Antaeus.

Vanquished Creatures
  the Royal Jelly (Slime:5)
  Mennas (Vaults:4)
  2 juggernauts
  3 greater mummies (Depths:1)
  18 shard shrikes
  5 caustic shrikes
  Vashnia (Snake:2)
  Nikola (Shoals:3)
  5 golden dragons
  Jory (Depths:3)
  Geryon (Hell)
  A mutant beast (WizLab)
  7 bone dragons
  Jorgrun (Shoals:3)
  2 tentacled monstrosities
  13 Ice Fiends
  The ghost of TheNamelessOne the Severer, an adept DsCK of Xom (Shoals:4)
  5 titans (Vaults:5)
  A quicksilver dragon (Depths:2)
  6 liches
  4 deep elf blademasters
  2 deep elf master archers (Elf:3)
  21 acid blobs
  2 krakens (Shoals:2)
  Polyphemus (Shoals:3)
  2 ancient champions (Hell)
  2 Executioners
  4 tentacled starspawn
  Kirke (Snake:4)
  5 sphinxes
  Agnes (Snake:3)
  Roxanne (Snake:2)
  4 shadow dragons
  A draconian monk (Depths:5)
  9 tengu reavers
  2 daevas
  Donald (Shoals:3)
  2 storm dragons
  12 nagarajas
  18 frost giants
  Ilsuiw (Shoals:4)
  6 fire giants
  16 azure jellies
  A draconian knight (Depths:5)
  A draconian scorcher (Depths:5)
  2 ghost moths (Depths:3)
  3 deep elf sorcerers
  An iron dragon (Vaults:5)
  Aizul (Snake:2)
  9 vault wardens
  4 orc warlords
  5 deep elf elementalists
  A cacodemon (Depths:5)
  36 very ugly things
  3 war gargoyles (Vaults:5)
  19 stone giants
  An elemental wellspring (Coc:7)
  A spriggan defender (Depths:4)
  12 ironheart preservers
  14 reapers
  An entropy weaver (Vaults:3)
  10 deep elf demonologists
  6 vampire knights
  A green draconian (Depths:5)
  An entropy weaver (shapeshifter) (D:15)
  A lorocyproca (Hell)
  A black draconian (Depths:5)
  A yellow draconian (Depths:5)
  9 deep elf annihilators
  6 dire elephants
  10 spark wasps
  2 white draconians (Depths:5)
  12 deep elf death magi
  A red draconian (Depths:5)
  An ettin (shapeshifter) (Vaults:5)
  8 death oozes
  3 mummy priests
  5 quicksilver dragon zombies
  An eidolon (Abyss:2)
  10 blizzard demons
  4 merfolk javelineers (Shoals:4)
  17 ettins
  7 merfolk impalers
  10 fire dragons
  14 yaktaur captains
  5 deep elf high priests
  Josephine (Lair:6)
  15 great orbs of eyes
  A quicksilver dragon skeleton (Abyss:1)
  10 hydras
  A kraken zombie (Hell)
  5 rakshasas
  37 vault guards
  13 naga warriors
  A catoblepas (Shoals:3)
  29 ice dragons
  8 anacondas
  3 merfolk avatars
  3 hell beasts
  4 ogre magi
  A death knight (Vaults:5)
  Erica (Lair:2)
  An anaconda (shapeshifter) (Vaults:5)
  13 centaur warriors
  6 merfolk aquamancers
  6 death yaks
  18 two-headed ogres
  4 satyrs
  A two-headed ogre (shapeshifter) (Depths:4)
  5 tengu warriors
  5 vampire magi
  2 deep troll earth magi
  A hell hog (Volcano)
  5 deep troll shamans
  A shock serpent (shapeshifter) (Vaults:5)
  22 dancing weapons
  9 naga sharpshooters
  A titan zombie (Coc:1)
  7 orc high priests
  4 spriggan berserkers
  6 sun demons
  29 deep elf knights
  4 thrashing horrors
  11 soul eaters
  7 shock serpents
  3 storm dragon zombies
  An iron golem (WizLab)
  5 shadow wraiths (Depths:3)
  A spatial maelstrom (Abyss:4)
  63 skeletal warriors
  2 golden dragon zombies
  12 hell knights
  A salamander mystic (Snake:3)
  2 wretched stars
  4 storm dragon skeletons
  A sixfirhy (Abyss:1)
  2 unseen horrors (shapeshifter)
  4 unseen horrors
  A fire crab (shapeshifter) (Depths:1)
  An iron troll (Depths:4)
  15 deep trolls
  22 sea snakes
  A shambling mangrove (Abyss:4)
  6 flayed ghosts
  2 sea snakes (shapeshifter)
  3 naga ritualists
  2 glowing orange brains
  7 phantasmal warriors
  A kraken simulacrum (Shoals:4)
  6 anaconda zombies
  12 ironbrand convokers
  3 wizards
  20 harpies
  A torturous demonspawn (Depths:5)
  6 necromancers
  28 orc knights
  3 anaconda skeletons
  75 deep elf magi
  3 shadow dragon zombies
  4 oklob plants (Lair:5)
  22 deep elf archers
  A wolf spider (shapeshifter) (Vaults:5)
  2 lindwurms (shapeshifter)
  6 orc sorcerers
  2 wolf spider zombies
  An iron dragon zombie (Coc:4)
  12 mana vipers
  47 ugly things
  A wolf spider (Lair:3)
  3 frost giant zombies
  A stone giant zombie (Coc:5)
  5 fauns (Shoals:2)
  An orb spider (shapeshifter) (Vaults:2)
  2 shining eyes (Slime:5)
  11 salamanders
  A salamander (shapeshifter) (Vaults:3)
  7 worldbinders (Abyss:4)
  9 cyclopes
  3 iron dragon skeletons
  21 manticores
  3 shadow dragon skeletons
  Joseph (D:10)
  2 ice statues
  11 merfolk sirens
  4 fire giant skeletons
  27 black mambas
  A black mamba (shapeshifter) (WizLab)
  A moth of wrath (shapeshifter) (Depths:1)
  16 naga magi
  3 frost giant skeletons
  2 guardian serpents (shapeshifter)
  A dire elephant zombie (Hell)
  11 elephants
  5 guardian serpents
  17 vault sentinels
  11 water nymphs
  3 rust devils
  An eye of devastation (Slime:5)
  4 stone giant skeletons
  An apocalypse crab (Abyss:4)
  3 gargoyles
  A molten gargoyle (Hell)
  2 smoke demons
  A storm dragon simulacrum (Abyss:4)
  10 spiny frogs
  9 komodo dragons
  4 centaur skeletons
  2 shock serpent skeletons
  4 rime drakes
  36 freezing wraiths
  5 spectral swamp worms (Depths:1)
  A hellion (Hell)
  28 ice devils
  A dire elephant skeleton (Hell)
  37 yaktaurs
  5 tengu conjurers
  4 kobold demonologists
  4 hellwings
  10 tormentors
  A meliai (shapeshifter) (D:14)
  A polar bear (Lair:5)
  19 merfolk
  A troll (shapeshifter) (WizLab)
  11 hydra zombies
  A jumping spider (shapeshifter) (Vaults:3)
  10 trolls
  10 hornets
  4 wind drakes
  A harpy zombie (Coc:7)
  5 ancient zymes
  A jumping spider (Vaults:3)
  An iron dragon simulacrum (Coc:1)
  3 blink frogs (Lair:4)
  14 raiju
  2 ettin zombies
  2 hornets (shapeshifter)
  7 hydra skeletons
  A harpy skeleton (Coc:4)
  A slime creature (shapeshifter) (Vaults:5)
  Prince Ribbit (D:8)
  2 ice dragon zombies
  10 snapping turtles
  7 bog bodies (Coc:7)
  9 dream sheep
  72 slime creatures
  An alligator zombie (Coc:7)
  A fire giant simulacrum (Coc:3)
  13 hippogriffs
  6 ettin skeletons
  An alligator skeleton (Coc:7)
  A fire dragon skeleton (Coc:7)
  6 air elementals
  50 flying skulls
  10 shadows
  12 starcursed masses
  An ice dragon skeleton (Coc:7)
  4 vampires
  22 wraiths
  2 centaur simulacra
  5 ynoxinuls
  3 redbacks (Vaults:3)
  29 water elementals
  8 fire elementals
  44 yaks
  A yak (shapeshifter) (Depths:1)
  Grum (D:8)
  A black mamba skeleton (Coc:7)
  2 wyverns
  9 fire bats (Volcano)
  4 golden eyes (Slime:2)
  A hog (Snake:4)
  2 basilisks
  10 chaos spawn
  A steam dragon (Volcano)
  A yaktaur simulacrum (Vaults:3)
  3 neqoxecs
  A spatial vortex (Coc:7)
  4 wargs
  5 hungry ghosts
  17 vampire mosquitoes
  24 large abominations
  56 nagas
  A soldier ant (shapeshifter) (WizLab)
  10 water moccasins
  3 acid dragons
  8 spiny frog zombies
  3 soldier ants (D:12)
  A floating eye (Depths:5)
  6 hell hounds
  5 porcupines
  5 ice beasts
  3 sky beasts
  A black bear (Lair:3)
  A black bear (shapeshifter) (Vaults:5)
  3 phantoms
  67 orc warriors
  4 eyes of draining
  A fire dragon simulacrum (Coc:7)
  An ice dragon simulacrum (Coc:7)
  A snapping turtle zombie (Coc:5)
  An ettin simulacrum (Coc:2)
  7 spiny frog skeletons
  22 wolves
  A snapping turtle skeleton (Abyss:1)
  A black mamba simulacrum (Coc:3)
  2 necrophages
  5 swamp dragon skeletons
  11 boggarts
  A wolf (shapeshifter) (Vaults:5)
  18 ogres
  A manticore skeleton (Coc:3)
  17 centaurs
  16 small abominations
  9 crocodiles
  8 bullfrogs
  8 big kobolds
  A wyvern zombie (D:6)
  A spiny frog simulacrum (Abyss:4)
  3 earth elementals (Elf:2)
  An elf skeleton (Hell)
  5 gnoll sergeants
  A water moccasin zombie (D:6)
  2 wyvern skeletons
  7 scorpions
  5 killer bees (D:10)
  25 wights
  A howler monkey (D:9)
  8 electric eels
  9 lava snakes (Volcano)
  6 crimson imps
  3 centaur zombies
  2 quasits
  9 hounds
  A bullfrog zombie (D:6)
  A human simulacrum (Vaults:1)
  26 orc priests
  A human zombie (Coc:7)
  An iron imp (Abyss:2)
  4 jellies
  21 orc wizards
  2 bullfrog skeletons
  3 iguanas
  Terence (D:2)
  A troll simulacrum (Hell)
  10 worker ants
  18 hell rats
  2 hound skeletons (D:6)
  2 mummies
  A worker ant zombie (D:8)
  A howler monkey zombie (D:8)
  10 gnolls
  2 river rats
  14 adders
  A howler monkey skeleton (D:5)
  2 shadow imps
  14 white imps
  2 ufetubi
  3 oozes
  An adder zombie (D:9)
  An adder skeleton (D:6)
  3 worms (D:2)
  3 dart slugs
  8 leopard geckos
  105 orcs
  9 bats
  A bat zombie (D:2)
  8 giant cockroaches
  8 goblins
  6 hobgoblins
  10 jackals
  8 quokkas
  4 ball pythons
  6 frilled lizards
  A jackal zombie (D:8)
  20 kobolds
  A kobold skeleton (Coc:5)
  15 rats
  2 rat zombies (D:2)
  2 bushes (Elf:3)
  3 crawling corpses
  11 fungi
  47 plants
  2 starspawn tentacles (Abyss:4)
  6 tentacles
2864 creatures vanquished.

Vanquished Creatures (collateral kills)
  A fire elemental (Hell)
1 creature vanquished.

Vanquished Creatures (others)
  2 eldritch tentacles
  A fire giant (Vaults:5)
  An elemental wellspring (Coc:7)
  A merfolk javelineer (Shoals:4)
  An ice dragon (Coc:7)
  A two-headed ogre (D:8)
  2 deep elf knights
  A hippogriff (D:8)
  A wyvern (D:8)
  3 humans (Snake:4)
  A naga (Snake:4)
  An orc warrior (D:8)
  A phantom (D:8)
  2 ogres
  A big kobold (D:8)
  A howler monkey (D:8)
  A worker ant zombie (D:8)
  A shadow imp (D:8)
  3 kobolds (D:8)
  21 fungi
  19 plants
  6 starspawn tentacles
  32 tentacles
104 creatures vanquished.

Grand Total: 2969 creatures vanquished

Notes
Turn   | Place    | Note
-------+----------+-------------------------------------------
     0 | D:1      | xccam the Formicid Fighter began the quest for the Orb.
     0 | D:1      | Reached XP level 1. HP: 18/18 MP: 1/1
   107 | D:1      | Reached XP level 2. HP: 20/24 MP: 2/2
   289 | D:1      | Reached skill level 3 in Axes
   325 | D:1      | Found a shattered altar of Ashenzari.
   433 | D:1      | Reached XP level 3. HP: 28/29 MP: 3/3
   675 | D:2      | Reached skill level 4 in Axes
   675 | D:2      | Reached XP level 4. HP: 18/35 MP: 4/4
  1098 | D:2      | You fall through a shaft for 2 floors!
  1132 | D:4      | Found a radiant altar of Vehumet.
  1144 | D:4      | Reached XP level 5. HP: 26/41 MP: 5/5
  1266 | D:4      | Noticed an ogre
  1274 | D:4      | Killed an ogre
  1274 | D:4      | Reached skill level 5 in Axes
  1289 | D:4      | Reached XP level 6. HP: 36/47 MP: 6/6
  1523 | D:4      | Reached skill level 6 in Axes
  1761 | D:4      | Found a glowing drain.
  1769 | Sewer    | Entered a sewer
  1956 | Sewer    | Reached skill level 7 in Axes
  1956 | Sewer    | Reached XP level 7. HP: 44/52 MP: 7/7
  1975 | Sewer    | Found a glowing silver altar of Zin.
  2652 | D:3      | Found an iron altar of Okawaru.
  2957 | D:2      | Found an ancient bone altar of Kikubaaqudgha.
  3003 | D:2      | Noticed Terence
  3011 | D:2      | Killed Terence
  3225 | D:4      | Reached skill level 8 in Axes
  3619 | D:5      | Entered Level 5 of the Dungeon
  3634 | D:5      | You fall through a shaft!
  3765 | D:6      | Found a staircase to the Ecumenical Temple.
  3774 | Temple   | Entered the Ecumenical Temple
  3781 | Temple   | Became a worshipper of Cheibriados the Contemplative
  3828 | D:5      | Found an opulent altar of Gozag.
  3841 | D:5      | Reached XP level 8. HP: 48/58 MP: 8/8
  4357 | D:5      | Found a radiant altar of Vehumet.
  4357 | D:5      | Found a shadowy altar of Dithmenos.
  4420 | D:6      | Found a sparkling altar of Nemelex Xobeh.
  4428 | D:6      | Reached skill level 9 in Axes
  4617 | D:6      | Reached skill level 10 in Axes
  4652 | D:6      | Reached * piety under Cheibriados
  4806 | D:6      | Reached skill level 5 in Shields
  5312 | D:7      | Reached XP level 9. HP: 64/64 MP: 9/9
  5830 | D:7      | Noticed a hippogriff
  5845 | D:7      | Killed a hippogriff
  5895 | D:7      | Found a sacrificial altar of Ru.
  5900 | D:7      | Noticed a hippogriff
  5910 | D:7      | Killed a hippogriff
  6179 | D:7      | You fall through a shaft for 3 floors!
  6179 | D:10     | Entered Level 10 of the Dungeon
  6521 | D:10     | Reached skill level 1 in Invocations
  6526 | D:10     | Found Vexod's Gadget Boutique.
  6532 | D:10     | Reached skill level 1 in Dodging
  6571 | D:10     | Reached ** piety under Cheibriados
  6583 | D:10     | Noticed Joseph
  6610 | D:10     | HP: 1/64 [Joseph/uncursed quarterstaff (10)]
  6622 | D:10     | Killed Joseph
  6622 | D:10     | Reached XP level 10. HP: 37/73 MP: 10/12
  6712 | D:10     | Found Ywec's Weapon Boutique.
  6833 | D:10     | Reached skill level 5 in Fighting
  6833 | D:10     | Reached skill level 5 in Armour
  7002 | D:10     | Noticed a cyclops
  7015 | D:10     | Killed a cyclops
  7271 | D:10     | Noticed a two-headed ogre
  7283 | D:10     | Killed a two-headed ogre
  7283 | D:10     | Reached skill level 5 in Invocations
  7545 | D:10     | Found Imapits's Antique Weapon Shop.
  7545 | D:10     | Found Xanaome's Assorted Antiques.
  7621 | D:10     | Found a staircase to the Lair.
  7635 | D:10     | HP: 1/76 [electric eel/bolt of electricity (3)]
  7969 | D:10     | Found Ifobbuim's Antique Weapon Shoppe.
  7974 | D:10     | Bought a runed battleaxe for 304 gold pieces
  8177 | D:11     | Reached *** piety under Cheibriados
  8182 | D:11     | Reached XP level 11. HP: 68/83 MP: 15/15
  8402 | D:11     | Noticed a two-headed ogre
  8409 | D:11     | Killed a two-headed ogre
  8432 | D:11     | Noticed a cyclops
  8452 | D:11     | Killed a cyclops
  8452 | D:11     | Reached skill level 5 in Dodging
  9198 | D:12     | Reached **** piety under Cheibriados
  9317 | D:12     | Noticed a manticore
  9331 | D:12     | Killed a manticore
  9356 | D:12     | Noticed an unseen horror
  9441 | D:12     | Killed an unseen horror
  9847 | D:12     | Got a steaming hand axe
  9848 | D:12     | Identified the +6 hand axe "Zestry Hilumo" {antimagic, rPois rN+} (You found it on level 12 of the Dungeon)
 10098 | D:13     | Reached XP level 12. HP: 79/93 MP: 5/17
 10112 | D:13     | Noticed a centaur warrior
 10126 | D:13     | Killed a centaur warrior
 10126 | D:13     | Reached skill level 11 in Axes
 10371 | D:13     | Noticed a vault guard
 10614 | D:13     | Noticed a centaur warrior
 10635 | D:13     | Killed a centaur warrior
 10686 | D:13     | Found Oqoiwkof's General Store.
 10691 | D:13     | Bought a potion of curing for 48 gold pieces
 10691 | D:13     | Bought a scroll of identify for 32 gold pieces
 10691 | D:13     | Bought a scroll of identify for 32 gold pieces
 10733 | D:13     | Found Miprascha's Assorted Antiques.
 10756 | D:13     | Reached skill level 12 in Axes
 10765 | D:13     | Found Bizoplup's Gadget Boutique.
 10777 | D:13     | Noticed a two-headed ogre
 10789 | D:13     | Killed a two-headed ogre
 11019 | D:13     | Noticed a deep elf knight
 11019 | D:13     | Noticed a vault guard
 11038 | D:13     | Found Kahuv's Armour Boutique.
 11072 | D:13     | Noticed a centaur warrior
 11088 | D:13     | Killed a centaur warrior
 11621 | Lair:1   | Entered Level 1 of the Lair of Beasts
 11801 | Lair:1   | Reached skill level 13 in Axes
 12497 | Lair:2   | Reached XP level 13. HP: 89/98 MP: 6/18
 12547 | Lair:2   | Reached ***** piety under Cheibriados
 12550 | Lair:2   | Reached skill level 14 in Axes
 12942 | Lair:2   | Noticed Erica
 12955 | Lair:2   | Killed Erica
 13185 | Lair:3   | Found a staircase to the Shoals.
 13657 | Lair:3   | Reached skill level 15 in Axes
 14337 | Lair:4   | Found a staircase to the Snake Pit.
 14663 | Lair:4   | Reached skill level 16 in Axes
 15271 | Lair:5   | Noticed a seven-headed hydra
 15274 | Lair:5   | Noticed an ettin
 15274 | Lair:5   | a seven-headed hydra changed into an ettin
 15275 | Lair:5   | Noticed a four-headed hydra
 15278 | Lair:5   | Killed an ettin
 15283 | Lair:5   | Noticed an azure jelly
 15283 | Lair:5   | a four-headed hydra changed into an azure jelly
 15291 | Lair:5   | Killed an azure jelly
 15414 | Lair:5   | Reached ****** piety under Cheibriados
 15426 | Lair:5   | Reached XP level 14. HP: 93/105 MP: 19/19
 15432 | Lair:5   | Reached skill level 10 in Shields
 15728 | Lair:5   | Found a runed door.
 15732 | Lair:5   | Found a viscous altar of Jiyva.
 15733 | Lair:5   | Found a staircase to the Slime Pits.
 15733 | Lair:5   | Noticed an azure jelly
 15733 | Lair:5   | Noticed an azure jelly
 15738 | Lair:5   | Killed an azure jelly
 15749 | Lair:5   | Killed an azure jelly
 16139 | Lair:5   | Identified the Volume of the Destructive Volcanoes
 17332 | Lair:6   | Entered Level 6 of the Lair of Beasts
 17377 | Lair:6   | Noticed Josephine
 17389 | Lair:6   | Killed Josephine
 18731 | Lair:6   | Noticed a dire elephant
 18731 | Lair:6   | Noticed a dire elephant
 18744 | Lair:6   | Noticed a dire elephant
 18744 | Lair:6   | Killed a dire elephant
 18744 | Lair:6   | Reached skill level 10 in Invocations
 18744 | Lair:6   | Reached XP level 15. HP: 67/110 MP: 22/22
 19096 | Lair:6   | Got a scintillating lead ring
 19097 | Lair:6   | Identified the ring "Rehar" {Fire Int+4} (You found it on level 6 of the Lair of Beasts)
 19236 | Lair:6   | Reached skill level 17 in Axes
 19753 | D:13     | Found a gate to the Vaults.
 20369 | D:14     | Reached skill level 15 in Shields
 20448 | D:14     | Found an opulent altar of Gozag.
 20898 | D:15     | Entered Level 15 of the Dungeon
 21011 | D:15     | Found a staircase to the Depths.
 21011 | D:15     | Noticed a fire giant
 21141 | D:15     | Reached XP level 16. HP: 64/117 MP: 24/24
 21350 | D:15     | Killed a fire giant
 21853 | D:15     | Got a steaming wooden ring
 22535 | D:9      | Found a staircase to the Orcish Mines.
 22987 | D:8      | Found a shimmering altar of Xom.
 23059 | D:8      | Noticed Grum
 23072 | D:8      | Killed Grum
 23105 | D:8      | Identified the ring of Ebiex {Ice rN+ SInv} (You took it off a skeletal warrior on level 15 of the Dungeon)
 23236 | D:8      | Noticed Prince Ribbit
 23248 | D:8      | Killed Prince Ribbit
 23261 | D:8      | Got a warped ruby amulet
 23466 | Orc:1    | Entered Level 1 of the Orcish Mines
 23645 | Orc:1    | HP: 1/120 [orc knight/enchanted dire flail (23)]
 23827 | Orc:1    | Found a dark tunnel.
 23837 | Volcano  | Entered a volcano
 24050 | Volcano  | Found a burning altar of Makhleb.
 24063 | Volcano  | Identified the amulet "Keplila" {-Tele +Rage Str+4 Int+5 SInv} (You found it on level 8 of the Dungeon)
 24089 | Orc:1    | Found Uphiul's Weapon Shoppe.
 24367 | Orc:2    | Entered Level 2 of the Orcish Mines
 24403 | Orc:2    | Gained mutation: Your spells are a little easier to cast, but a little less powerful. [a neqoxec]
 24454 | Orc:2    | Reached skill level 18 in Axes
 24474 | Orc:2    | Found a bloodstained altar of Trog.
 24474 | Orc:2    | Found Qyipaung's Jewellery Boutique.
 24490 | Orc:2    | Found Zumm's General Store.
 24835 | Orc:2    | Found Neiniozi's Antique Armour Shop.
 24848 | Orc:2    | Found a staircase to the Elven Halls.
 25020 | Orc:2    | Found Far Vynk's Antique Weapon Shop.
 25050 | Orc:2    | Bought a glowing executioner's axe for 338 gold pieces
 25059 | Orc:2    | Gained mutation: You occasionally shout uncontrollably at your foes. [a neqoxec]
 25287 | Orc:2    | Bought an uncursed ring of poison resistance for 320 gold pieces
 25477 | Orc:2    | Bought the ring "Qeow" {rCorr +Inv rElec MP+9 Int-2} for 891 gold pieces
 25662 | Snake:1  | Entered Level 1 of the Snake Pit
 25683 | Snake:1  | Reached skill level 10 in Fighting
 25683 | Snake:1  | Reached XP level 17. HP: 98/128 MP: 16/26
 25869 | Snake:1  | Found Ucso's Distillery.
 25873 | Snake:1  | Found Amuoloeh's Assorted Antiques.
 25874 | Snake:1  | Found Ixti's General Store.
 25877 | Snake:1  | Bought a potion of heal wounds for 65 gold pieces
 25881 | Snake:1  | Bought a potion of curing for 57 gold pieces
 25881 | Snake:1  | Bought a potion of heal wounds for 95 gold pieces
 26016 | Snake:1  | Reached skill level 10 in Armour
 26577 | Snake:2  | Noticed Roxanne
 27447 | Snake:2  | Killed Roxanne
 27617 | Snake:2  | Noticed Aizul
 27625 | Snake:2  | Killed Aizul
 28288 | Snake:2  | Noticed Vashnia
 28754 | Snake:2  | Killed Vashnia
 29093 | Snake:3  | Found a shimmering altar of Xom.
 29188 | Snake:3  | Noticed Agnes
 29203 | Snake:3  | Killed Agnes
 29389 | Snake:3  | Reached skill level 19 in Axes
 29407 | Snake:3  | Found Zydyasay's Armour Shop.
 29431 | Snake:3  | Reached XP level 18. HP: 98/141 MP: 27/27
 29933 | Snake:4  | Entered Level 4 of the Snake Pit
 29960 | Snake:4  | Noticed Kirke
 29968 | Snake:4  | Killed Kirke
 32288 | Snake:4  | Got a serpentine rune of Zot
 32500 | Shoals:1 | Entered Level 1 of the Shoals
 32511 | Shoals:1 | Reached XP level 19. HP: 152/152 MP: 28/28
 32856 | Shoals:1 | Found a runed door.
 32918 | Shoals:1 | Found the +3 crown of Dyrovepreva {rElec Int+2 SInv}
 33930 | Shoals:3 | Noticed Polyphemus
 34012 | Shoals:3 | Noticed Donald
 34018 | Shoals:3 | Killed Donald
 34503 | Shoals:3 | Killed Polyphemus
 34785 | Shoals:3 | Noticed Jorgrun
 34799 | Shoals:3 | Killed Jorgrun
 34843 | Shoals:3 | Reached skill level 10 in Dodging
 34877 | Shoals:3 | Noticed Nikola
 34888 | Shoals:3 | Killed Nikola
 34888 | Shoals:3 | Reached skill level 15 in Fighting
 34986 | Shoals:4 | Entered Level 4 of the Shoals
 34992 | Shoals:4 | Noticed Ilsuiw
 35023 | Shoals:4 | Killed Ilsuiw
 35034 | Shoals:4 | Reached XP level 20. HP: 82/162 MP: 11/29
 35131 | Shoals:4 | Noticed TheNamelessOne's ghost (adept DsCK)
 35154 | Shoals:4 | Killed TheNamelessOne's ghost
 35196 | Shoals:4 | Lost mutation: You occasionally shout uncontrollably at your foes. [potion of mutation]
 35196 | Shoals:4 | Lost mutation: Your spells are a little easier to cast, but a little less powerful. [potion of mutation]
 35196 | Shoals:4 | Gained mutation: Your flesh is heat resistant. (rF+) [potion of mutation]
 35196 | Shoals:4 | Gained mutation: Potions are less effective at restoring your health. [potion of mutation]
 35196 | Shoals:4 | Gained mutation: Armour fits poorly on your strangely shaped body. [potion of mutation]
 35196 | Shoals:4 | Gained mutation: You are agile. (Dex +2) [potion of mutation]
 35395 | Shoals:4 | Got a barnacled rune of Zot
 35891 | Shoals:4 | Found Keuquxze's Book Shop.
 36026 | Shoals:4 | Identified the Tome of Mutagenic Clay
 36528 | Vaults:1 | Entered Level 1 of the Vaults
 36657 | Vaults:1 | Found Ippeonk's General Store.
 36733 | Vaults:1 | Found Qolew's Armour Emporium.
 36745 | Vaults:1 | Found a portal to a secret trove of treasure.
 37341 | Vaults:1 | You paid a toll of +3 fire dragon scales to enter a treasure trove
 37342 | Trove    | Entered a treasure trove
 37353 | Trove    | Got a crude jade amulet
 37355 | Trove    | Got a shimmering amber ring
 37380 | Trove    | Got a crude lead ring
 37382 | Trove    | Got a warped pewter amulet
 37384 | Trove    | Got an ancient steel ring
 37386 | Trove    | Got a scintillating granite ring
 37390 | Trove    | Got a warped lapis lazuli ring
 37392 | Trove    | Got a fine bone ring
 37422 | Trove    | Identified the amulet "Gachappu" {Faith -Tele rElec rN+} (You found it in a treasure trove)
 37424 | Trove    | Identified the amulet of the Peasants {Faith rPois rF+ Dex-5 Stlth+} (You found it in a treasure trove)
 37453 | Trove    | Identified the ring "Sercheloi" {-Tele rElec MR+ Dex+3} (You found it in a treasure trove)
 37456 | Trove    | Identified the ring of Enlizun {*Tele rF- MP+9 Str+4 Int+4} (You found it in a treasure trove)
 37460 | Trove    | Identified the ring "Efry" {+Inv Slay+1} (You found it in a treasure trove)
 37469 | Trove    | Identified the ring "Hoamou" {*Corrode rF+ rN+ Str+7 Int-5} (You found it in a treasure trove)
 37470 | Trove    | Identified the ring "Vatuetud" {*Drain rC+++ Str+3 Int+2 Stlth+} (You found it in a treasure trove)
 37484 | Trove    | Identified the ring of Dilun {rElec rC+ Str+3 Int+7 Stlth-} (You found it in a treasure trove)
 37824 | Vaults:1 | Found Voaga's Gadget Shoppe.
 37834 | Vaults:1 | Found Xoettow's Armour Emporium.
 38104 | Vaults:1 | Found Sisma's Weapon Boutique.
 38222 | Vaults:1 | Reached skill level 1 in Evocations
 38374 | Vaults:2 | Reached XP level 21. HP: 158/170 MP: 30/30
 38468 | Vaults:2 | Found a magical portal.
 38477 | WizLab   | Entered Cigotuvi's Fleshworks
 38592 | WizLab   | Reached skill level 20 in Axes
 38873 | Vaults:2 | Lost mutation: Armour fits poorly on your strangely shaped body. [potion of mutation]
 38873 | Vaults:2 | Lost mutation: You are agile. (Dex +2) [potion of mutation]
 38873 | Vaults:2 | Lost mutation: Potions are less effective at restoring your health. [potion of mutation]
 38873 | Vaults:2 | Lost mutation: Your flesh is heat resistant. (rF+) [potion of mutation]
 38873 | Vaults:2 | Gained mutation: You have large cloven feet. [potion of mutation]
 38873 | Vaults:2 | Gained mutation: Your system is resistant to poisons. (rPois) [potion of mutation]
 38873 | Vaults:2 | Gained mutation: Your natural rate of healing is unusually fast. [potion of mutation]
 39466 | Vaults:2 | Reached skill level 15 in Armour
 39837 | Vaults:2 | Reached skill level 5 in Evocations
 40291 | Vaults:3 | Identified a scroll of acquirement
 40586 | Vaults:3 | Reached XP level 22. HP: 180/180 MP: 31/31
 40909 | Vaults:3 | Found a staircase to the Crypt.
 41069 | Vaults:4 | Noticed Mennas
 41135 | Vaults:4 | Killed Mennas
 41650 | Vaults:4 | Found Weoni's Assorted Antiques.
 42416 | Elf:1    | Entered Level 1 of the Elven Halls
 42425 | Elf:1    | Reached skill level 21 in Axes
 42690 | Elf:1    | Found Yclaulid's Antique Weapon Emporium.
 43105 | Elf:1    | Reached XP level 23. HP: 171/186 MP: 32/32
 43670 | Elf:2    | Gained mutation: You are frail. (-10% HP) [a cacodemon]
 43923 | Elf:2    | Found a runed gate.
 43924 | Elf:2    | Found a runed gate.
 43928 | Elf:2    | Found a runed gate.
 43957 | Elf:2    | Found Xenk's Weapon Boutique.
 44720 | Elf:3    | Entered Level 3 of the Elven Halls
 44738 | Elf:3    | Lost mutation: You have large cloven feet. [potion of mutation]
 44738 | Elf:3    | Lost mutation: You are frail. (-10% HP) [potion of mutation]
 44738 | Elf:3    | Lost mutation: Your system is resistant to poisons. (rPois) [potion of mutation]
 44738 | Elf:3    | Lost mutation: Your natural rate of healing is unusually fast. [potion of mutation]
 44738 | Elf:3    | Gained mutation: You are frail. (-10% HP) [potion of mutation]
 44738 | Elf:3    | Gained mutation: Your system is resistant to poisons. (rPois) [potion of mutation]
 44738 | Elf:3    | Gained mutation: Your movements are slightly less encumbered by armour. (ER -2) [potion of mutation]
 44739 | Elf:3    | Lost mutation: You are frail. (-10% HP) [potion of mutation]
 44739 | Elf:3    | Lost mutation: Your system is resistant to poisons. (rPois) [potion of mutation]
 44739 | Elf:3    | Lost mutation: Your movements are slightly less encumbered by armour. (ER -2) [potion of mutation]
 44739 | Elf:3    | Gained mutation: You have large cloven feet. [potion of mutation]
 44739 | Elf:3    | Gained mutation: Your muscles are strong. (Str +2) [potion of mutation]
 44740 | Elf:3    | Lost mutation: Your muscles are strong. (Str +2) [potion of mutation]
 44740 | Elf:3    | Lost mutation: You have large cloven feet. [potion of mutation]
 44740 | Elf:3    | Gained mutation: You have sharp toenails. [potion of mutation]
 44740 | Elf:3    | Gained mutation: You are partially covered in yellow scales. (AC +2) [potion of mutation]
 44740 | Elf:3    | Gained mutation: You are dopey. (Int -2) [potion of mutation]
 44740 | Elf:3    | Gained mutation: You are partially covered in rugged brown scales. (AC +1, +3% HP) [potion of mutation]
 44893 | Elf:3    | Found Jaufreunass's Antique Armour Shoppe.
 44952 | Elf:3    | Reached skill level 22 in Axes
 45501 | Elf:3    | Reached XP level 24. HP: 145/200 MP: 24/32
 45666 | Elf:3    | Got a heavily runed platinum amulet
 45667 | Elf:3    | Identified the amulet of Biroh {rElec Regen+} (You took it off a deep elf mage on level 3 of the Elven Halls)
 45752 | Elf:3    | Got a wavering platinum ring
 45796 | Elf:3    | Identified a +0 pair of boots of running (You found it on level 3 of the Elven Halls)
 45857 | Elf:3    | Found the +3 robe of Folly {Archmagi, MR-- Int+5}
 46059 | Elf:3    | Identified the ring of Qohafu {Ice Int+4} (You took it off a deep elf annihilator on level 3 of the Elven Halls)
 46493 | Vaults:5 | Entered Level 5 of the Vaults
 47013 | Vaults:5 | Reached skill level 15 in Dodging
 47018 | Vaults:5 | Noticed a golden dragon
 47032 | Vaults:4 | Killed a golden dragon
 47547 | Vaults:5 | Reached skill level 23 in Axes
 47728 | Vaults:5 | Got a clouded zirconium amulet
 47729 | Vaults:5 | Identified the amulet "Romi" {Faith +Inv Str-2 Dex+9} (You found it on level 5 of the Vaults)
 47757 | Vaults:5 | Got a warped crystal amulet
 47758 | Vaults:5 | Identified the amulet "Idaenij" {+Rage rN++ Str-3 Int+4 SInv} (You found it on level 5 of the Vaults)
 47936 | Vaults:5 | Got a shimmering marble ring
 47937 | Vaults:5 | Identified the ring of Rifutim {Fire Int+5} (You found it on level 5 of the Vaults)
 47939 | Vaults:5 | Identified the Guide on Malediction
 47997 | Vaults:5 | Reached XP level 25. HP: 196/210 MP: 32/32
 48038 | Vaults:5 | Got a silver rune of Zot
 48421 | Vaults:5 | Identified the Papyrus of the Shore
 49177 | Slime:1  | Entered Level 1 of the Pits of Slime
 50362 | Slime:4  | Found a viscous altar of Jiyva.
 50473 | Slime:5  | Entered Level 5 of the Pits of Slime
 50794 | Slime:5  | Noticed the Royal Jelly
 51141 | Slime:5  | Killed the Royal Jelly
 51477 | Slime:5  | Got a slimy rune of Zot
 51513 | Slime:5  | Identified the Incunabulum of Gliding Snow
 51525 | Slime:5  | Identified the Incunabulum of Virous Stones
 52104 | Depths:1 | Entered Level 1 of the Depths
 52104 | Depths:1 | Found a one-way gate to the infinite horrors of the Abyss.
 52141 | Depths:1 | Found a gateway to Hell.
 52179 | Depths:1 | Reached XP level 26. HP: 199/219 MP: 32/32
 52336 | Depths:1 | Reached skill level 24 in Axes
 52638 | Depths:1 | Found a gateway to a ziggurat.
 52932 | Depths:1 | Noticed a greater mummy
 52943 | Depths:1 | Killed a greater mummy
 53217 | Depths:1 | Noticed a greater mummy
 53226 | Depths:1 | Killed a greater mummy
 53229 | Depths:1 | Noticed a greater mummy
 53240 | Depths:1 | Killed a greater mummy
 53320 | Depths:1 | Found the +7 sceptre of Torment
 53937 | Depths:2 | Noticed a juggernaut
 53945 | Depths:2 | Killed a juggernaut
 54246 | Depths:2 | Voluntarily entered the Abyss.
 54247 | Abyss:1  | Found a corrupted altar of Lugonu.
 54524 | Abyss:1  | Reached XP level 27. HP: 222/222 MP: 32/32
 54989 | Abyss:3  | Found a corrupted altar of Lugonu.
 55159 | Abyss:4  | Reached skill level 25 in Axes
 55304 | Abyss:4  | Got an abyssal rune of Zot
 55532 | Abyss:4  | Found a corrupted altar of Lugonu.
 55548 | Abyss:5  | Entered Level 5 of the Abyss
 55564 | Abyss:5  | Found a corrupted altar of Lugonu.
 55597 | Depths:2 | Escaped the Abyss
 55952 | Depths:3 | Noticed Jory
 55959 | Depths:3 | Killed Jory
 56254 | Depths:3 | Found a one-way gate leading to the halls of Pandemonium.
 56328 | Depths:3 | Found Gisudgh's Distillery.
 57171 | D:10     | Bought a scroll of enchant armour for 225 gold pieces
 57171 | D:10     | Bought a scroll of enchant armour for 225 gold pieces
 57459 | Vaults:4 | Bought a scroll of enchant armour for 225 gold pieces
 57692 | D:13     | Bought a scroll of acquirement for 1612 gold pieces
 57693 | D:13     | Got a fine battleaxe
 57694 | D:13     | Identified the +8 battleaxe of Hoty {venom, MP+9 Str+3 SInv} (You acquired it on level 13 of the Dungeon)
 57833 | Depths:4 | Noticed a juggernaut
 57840 | Depths:4 | Killed a juggernaut
 57912 | Depths:4 | Reached skill level 26 in Axes
 57934 | Depths:4 | Got a serpentine jade ring
 57978 | Depths:4 | Identified the Tome of Dogma
 58285 | Depths:4 | Found a deep blue altar of Sif Muna.
 58349 | Depths:4 | Identified the Compendium of Calling
 58697 | Depths:4 | Got a coiled amethyst amulet
 58912 | Depths:5 | Entered Level 5 of the Depths
 58948 | Depths:5 | Found a flickering gateway to a bazaar.
 59001 | Bazaar   | Entered a bazaar
 59001 | Bazaar   | Found Qisoaruck's Antique Armour Shoppe.
 59003 | Bazaar   | Found Etiem's Gadget Shoppe.
 59012 | Bazaar   | Found Gadog's Jewellery Shoppe.
 59023 | Bazaar   | Found Woxyc's Gadget Shoppe.
 59618 | Depths:5 | Found a gate to the Realm of Zot.
 59661 | Hell     | Entered the Vestibule of Hell
 59661 | Hell     | Noticed Geryon
 59688 | Hell     | Killed Geryon
 60196 | Hell     | Found a gateway to the Iron City of Dis.
 60262 | Hell     | Found a gateway to the ashen valley of Gehenna.
 60431 | Hell     | Found a gateway to the decaying netherworld of Tartarus.
 60485 | Hell     | Found a gateway to the freezing wastes of Cocytus.
 60507 | Hell     | Identified the amulet of Kekohao {RegenMP rC+ Int+5} (You took it off a vampire mage on level 4 of the Depths)
 60508 | Hell     | Identified the ring "Ujypeure" {+Fly rElec MP-9 Int+7 Stlth+} (You took it off a frost giant on level 4 of the Depths)
 60510 | Coc:1    | Entered Level 1 of Cocytus
 61237 | Coc:3    | Noticed a shard shrike
 61237 | Coc:3    | Noticed a shard shrike
 61248 | Coc:3    | Killed a shard shrike
 61254 | Coc:3    | Killed a shard shrike
 61354 | Coc:3    | Noticed a shard shrike
 61365 | Coc:3    | Killed a shard shrike
 61582 | Coc:3    | Noticed a shard shrike
 61585 | Coc:3    | Killed a shard shrike
 62174 | Coc:7    | Entered Level 7 of Cocytus
 62277 | Coc:7    | Noticed a shard shrike
 62278 | Coc:7    | Noticed a shard shrike
 62279 | Coc:7    | Noticed a shard shrike
 62282 | Coc:7    | Noticed a shard shrike
 62283 | Coc:7    | Killed a shard shrike
 62288 | Coc:7    | Killed a shard shrike
 62288 | Coc:7    | Killed a shard shrike
 62288 | Coc:7    | Killed a shard shrike
 62482 | Coc:7    | Noticed a shard shrike
 62497 | Coc:7    | Killed a shard shrike
 62703 | Coc:7    | Noticed a shard shrike
 62707 | Coc:7    | Killed a shard shrike
 63089 | Coc:7    | Noticed a shard shrike
 63094 | Coc:7    | Killed a shard shrike
 63462 | Coc:7    | Noticed a shard shrike
 63474 | Coc:7    | Killed a shard shrike
 63555 | Coc:7    | Got a flickering lead ring
 63600 | Coc:7    | Identified the ring "Pyblid" {rF+ EV+2} (You found it on level 7 of Cocytus)
 63607 | Coc:7    | Identified the Catalogue of Captivating Transformation
 63829 | Coc:7    | Noticed a shard shrike
 63837 | Coc:7    | Killed a shard shrike
 63879 | Coc:7    | Noticed a shard shrike
 63879 | Coc:7    | Noticed a shard shrike
 63879 | Coc:7    | Noticed a shard shrike
 63880 | Coc:7    | Noticed a shard shrike
 63887 | Coc:7    | Killed a shard shrike
 63891 | Coc:7    | Killed a shard shrike
 63896 | Coc:7    | Killed a shard shrike
 63901 | Coc:7    | Killed a shard shrike
 64606 | Coc:7    | Noticed Antaeus
 64615 | Coc:7    | Noticed a shard shrike
 64619 | Coc:7    | Killed a shard shrike
 64678 | Coc:7    | HP: 10/243 [Antaeus/bolt of lightning (41)]
 64681 | Coc:7    | Slain by Antaeus

Vault maps used:
D:1:      saegor_arrival_simple_a, evilmike_ruin_ashenzari
D:2:      lemuel_zombie_altar_kikubaaqudgha, first_ration, uniq_terence
D:3:      okawaru_trees_2
D:4:      portal_sewer_entry_e, minmay_ruined_shrine
D:5:      lemuel_crystal_altar, amethyst_overflow_temple_binary,
          saegor_snake_ambush
D:6:      nemelex_xobeh_ov_fountains_minmay, lemuel_temple_firewalk_b,
          serial_undead, serial_undead_c, serial_undead_d, serial_undead_b,
          serial_undead_e, st_stairs_8, serial_park_tiny_1, minivault_5,
          hangedman_decor_riveting
D:7:      hangedman_ru_absence
D:8:      xom_confusion_cloud, uniq_grum, uniq_prince_ribbit1
D:9:      kennysheep_orc_monster_closet_entryway
D:10:     erik_lair_island, serial_shops, shop, shop,
          nicolae_shop_overgrown_old_shop, shop_statue, shop, uniq_joseph
D:12:     hangedman_pestilent_swarm
D:13:     grunt_vaults_entry_fortified, serial_shops, shop, shop,
          kennysheep_mini, shop_fountains
D:14:     minivault_25, nicolae_gozag_seed_capital
D:15:     grunt_enter_depths_giant_problem, serial_column_ruins,
          column_ruins_grid_1, column_ruins_columns_straight,
          column_ruins_columns_plus, column_ruins_open_medium,
          column_ruins_open_small, column_ruins_grid_1,
          column_ruins_columns_straight, corner_web_ring, spider_trap,
          grunt_decor_arrowhead, hangedman_decor_points, moated_statue
Temple:   regret_index_temple_waves
Lair:1:   grunt_megastairs_3, serial_bayou_shore_b, infiniplex_staircase_pool_2
Lair:2:   lemuel_old_faithful, uniq_erica
Lair:3:   minmay_lair_venomous_thicket, minmay_shoals_entry_centaurs,
          bh_autumn_forest_stairs
Lair:4:   beast_lair_carwin_large_3, minmay_snake_entry_guardpost_small
Lair:5:   slime_altar_2, serial_bayou_shore_a, minmay_lair_oklob_chamber
Lair:6:   due_jungle_book, uniq_josephine
Shoals:1: lightli_airlock
Shoals:2: nicolae_shoals_kraken_intersection
Shoals:3: uniq_donald, uniq_polyphemus, uniq_nikola, uniq_jorgrun
Shoals:4: shoals_end_grunt_ice, shoal_ilsuiw, serial_shops,
          nicolae_shop_waterfront
Snake:1:  minmay_shop_star
Snake:2:  serial_bayou_pond_c, uniq_vashnia, uniq_aizul, uniq_roxanne
Snake:3:  serial_shops, shop, basic_altar, lemuel_fruit_tree, uniq_agnes
Snake:4:  grunt_snake_rune_pools, st_stairs_7, uniq_kirke
Slime:4:  basic_altar
Orc:1:    serial_shops, shop, nicolae_volcano_entry_two_sided
Orc:2:    grunt_orc_gardens, grunt_orc_garden, grunt_orc_garden,
          grunt_orc_garden, grunt_orc_garden, bloody_trog
Elf:1:    eino_elf_arrival_customs, serial_shops, nicolae_shop_statue_plus,
          special_room, orc_legates
Elf:2:    serial_shops, shop
Elf:3:    elf_hall, serial_shops, shop
Vaults:1: hangedman_vaults_nodes, vaults_room_stairs_pillars,
          grunt_vaults_bifocal, vaults_room_grunt_arrival_ludios,
          vaults_mumra_chevron, hangedman_vaults_cutoff, vaults_room_pools,
          vaults_room_stairs_pillars, vaults_room_fours,
          nicolae_vaults_little_squares_2, v_misc_18, ontoclasm_vaults_tryst,
          v_misc_8, ontoclasm_vaults_ligature, v_misc_11, serial_shops, shop,
          shop, nicolae_shop_waterfront, nicolae_shop_stone, nicolae_shop_stone,
          enter_trove_1
Vaults:2: nicolae_vaults_little_squares_4, vaults_room_large_hall,
          vaults_mumra_minichess, vaults_room_grid, vaults_room_stairs_pillars,
          special_room_vaults, v_misc_12, v_misc_22, v_misc_10,
          grunt_vaults_diagonal, vaults_room_grid, vaults_dpeg_encased_lava,
          v_alt_pattern_4, v_misc_2, vaults_mumra_hex, vaults_room_corners,
          infiniplex_enter_wizlab_glasses
Vaults:3: minmay_crypt_entry_vampire_xt, nicolae_vaults_circle_grid_a,
          nicolae_vaults_know_your_exits, ontoclasm_vaults_fault, v_misc_26,
          v_misc_23, v_rooms_6, nicolae_vaults_theta, vaults_room_corners,
          vaults_mumra_minichess_inversion
Vaults:4: nicolae_vaults_big_angled_halls, vaults_room_grid, v_misc_4, v_misc_1,
          ontoclasm_vaults_idyll, nicolae_vaults_network_barrier,
          vaults_room_mumra_shop_pool, portal_desolation_entry_nicolae_slug,
          uniq_mennas
Vaults:5: serial_shops
Depths:1: minmay_guarded_unrand_sceptre_of_torment, enter_ziggurat_c,
          abyss_entry, pf_hell_entry_tar_river, minmay_orc_keep,
          kennysheep_random_hallway
Depths:2: minmay_outward_triangles, abyss_entry, grunt_decor_mini_mirrors,
          grunt_mini_vestibule, small_chamber_with_monster
Depths:3: due_jory_tower, serial_bayou_shore_b, hell_entry,
          rand_demon_pan_entry_9, serial_sigils, serial_sigils_hangedman_shear,
          serial_sigils_hangedman_confine, serial_sigils_hangedman_quiver,
          serial_shops, nicolae_shop_statue_plus
Depths:4: minmay_the_grid_octo_tiled_octocenter_mashed, abyss_entry, hell_entry,
          minmay_misc_feat_plants, hangedman_summoners_spam, firewood_loft
Depths:5: grunt_zot_entry_pinwheel, pf_coc_iceberg, serial_shops,
          bzr_entry_islet, minmay_stone_trees_medium, rand_demon_pan_entry_7,
          kilobyte_mutagenic_chamber, serial_bayou_shore_b
Coc:7:    coc_grunt
Abyss:1:  evilmike_abyss_exit_11
Abyss:2:  hangedman_abyss_sting
Abyss:3:  due_evilmike_abyss_rune_seething_liches
Abyss:4:  evilmike_abyss_exit_chaos, gammafunk_abyss_rune_reverse_zot
Abyss:5:  evilmike_abyss_exit_mutagenic, evilmike_abyss_exit_5
Bazaar:   bazaar_kb_twisted_cavern
Trove:    trove_jewel_2
Sewer:    sewer_kobolds
Volcano:  volcano_grotto
WizLab:   wizlab_cigotuvi

Skill      XL: |  1  2  3  4  5  6  7  8  9 10 11 12 13 14 15 16 17 18 19 20 21 22 23 24 25 26 27 |
---------------+----------------------------------------------------------------------------------+-----
Axes           | 3 4 5 7 8 10 13 16 17 18 19 20 21 22 23 24 26 | 26.0
Shields        | 5 9 13 15 19 | 19.0
Invocations    | 3 5 7 10 11 12 13 | 13.2
Dodging        | 2 4 6 7 10 12 13 14 15 16 20 | 20.3
Fighting       | 4 6 8 10 12 14 15 16 17 18 19 23 | 23.5
Armour         | 4 6 8 9 11 12 13 14 15 16 17 18 19 23 | 23.5
Evocations     | 2 5 |  5.9

Action                   |  1- 3 |  4- 6 |  7- 9 | 10-12 | 13-15 | 16-18 | 19-21 | 22-24 | 25-27 || total
-------------------------+-------+-------+-------+-------+-------+-------+-------+-------+-------++-------
Melee: War axe           |    93 |   203 |   374 |   362 |    20 |     7 |       |       |       ||  1059
       Hand axe          |       |       |       |   260 |   224 |       |       |       |       ||   484
       Battleaxe         |       |       |       |       |   725 |  1143 |  1141 |   895 |       ||  3904
       Executioner's axe |       |       |       |       |       |       |       |   133 |  2562 ||  2695
       Kick              |       |       |       |       |       |       |       |     1 |       ||     1
Invok: Bend Time         |       |       |       |     1 |       |       |       |       |       ||     1
       Slouch            |       |       |       |     1 |     6 |     5 |     2 |    10 |    14 ||    38
       Step From Time    |       |       |       |       |     2 |     2 |     1 |       |     2 ||     7
       Temporal Distorti |       |       |       |       |       |       |     1 |     2 |     4 ||     7
 Abil: Dig               |       |       |       |       |     5 |     2 |     1 |       |     1 ||     9
Evoke: Wand              |       |       |       |       |    25 |     3 |     1 |       |     9 ||    38
       Horn of Geryon    |       |       |       |       |       |       |       |       |     2 ||     2
  Use: Scroll            |       |     3 |     7 |     9 |     6 |    10 |    10 |     8 |    16 ||    69
       Potion            |       |       |     5 |     5 |     5 |    10 |     4 |     3 |    23 ||    55
 Stab: Distracted        |       |       |       |       |       |     1 |     1 |       |     3 ||     5
       Paralysed         |       |       |       |       |       |       |       |       |     1 ||     1
  Eat: Chunk             |       |     4 |    11 |     7 |    10 |     4 |    10 |     3 |     5 ||    54
       Ration            |       |       |     3 |     1 |     3 |     5 |     2 |     4 |    10 ||    28
Armor: Scale mail        |    45 |    66 |    93 |       |       |       |       |       |       ||   204
       Fire dragon scale |       |       |    30 |   193 |    30 |    38 |       |       |       ||   291
       Plate armour      |       |       |       |       |   227 |   137 |   185 |   201 |   241 ||   991
       Gold dragon scale |       |       |       |       |       |       |       |       |   338 ||   338
Dodge: Dodged            |    23 |    57 |   114 |   251 |   220 |   298 |   366 |   299 |   991 ||  2619
Block: Shield            |    61 |   104 |   188 |   395 |   115 |       |       |       |       ||   863
       Large shield      |       |       |       |       |   742 |  1341 |  1134 |   973 |  2845 ||  7035

Table legend:
 A = Spawn XP
 B = Non-spawn XP
 C = Spawn XP percentage of total XP
 D = Spawn monster count
 E = Non-spawn monster count
 F = Spawn count percentage of total count
 G = Total turns spent on level
                    A         B        C        D         E        F      G
               +---------+---------+-------+---------+---------+-------+---------
         Total |   41117 | 1717893 |   2.3 |      73 |    2708 |   2.6 | 64681
               +---------+---------+-------+---------+---------+-------+---------
           D:1 |       0 |      49 |   0.0 |       0 |      25 |   0.0 |   628
           D:2 |       0 |     116 |   0.0 |       0 |      31 |   0.0 |   682
           D:3 |       0 |      83 |   0.0 |       0 |      16 |   0.0 |   806
           D:4 |       0 |     481 |   0.0 |       0 |      27 |   0.0 |  1252
           D:5 |       0 |     142 |   0.0 |       0 |       8 |   0.0 |   608
           D:6 |       0 |     944 |   0.0 |       0 |      18 |   0.0 |  1001
           D:7 |       0 |     909 |   0.0 |       0 |      11 |   0.0 |  1082
           D:8 |       0 |    2327 |   0.0 |       0 |      26 |   0.0 |   423
           D:9 |       0 |    3489 |   0.0 |       0 |      64 |   0.0 |   673
          D:10 |       0 |    4543 |   0.0 |       0 |      39 |   0.0 |  2245
          D:11 |       0 |    2819 |   0.0 |       0 |      24 |   0.0 |  1057
          D:12 |       0 |    5216 |   0.0 |       0 |      29 |   0.0 |  1361
          D:13 |       0 |   19047 |   0.0 |       0 |      35 |   0.0 |  2321
          D:14 |       0 |   13218 |   0.0 |       0 |      43 |   0.0 |  1212
          D:15 |       0 |   18253 |   0.0 |       0 |      35 |   0.0 |  1351
        Lair:1 |       0 |    2537 |   0.0 |       0 |      12 |   0.0 |  1071
        Lair:2 |       0 |    4399 |   0.0 |       0 |      20 |   0.0 |   898
        Lair:3 |       0 |    4969 |   0.0 |       0 |      25 |   0.0 |  1323
        Lair:4 |       0 |    7205 |   0.0 |       0 |      23 |   0.0 |  1161
        Lair:5 |       0 |   18863 |   0.0 |       0 |      44 |   0.0 |  2195
        Lair:6 |       0 |   18480 |   0.0 |       0 |      50 |   0.0 |  1968
      Shoals:1 |       0 |   15681 |   0.0 |       0 |      32 |   0.0 |   711
      Shoals:2 |       0 |   19807 |   0.0 |       0 |      34 |   0.0 |   830
      Shoals:3 |       0 |   29106 |   0.0 |       0 |      38 |   0.0 |  1081
      Shoals:4 |       0 |   39240 |   0.0 |       0 |      61 |   0.0 |  1355
       Snake:1 |       0 |   16226 |   0.0 |       0 |      33 |   0.0 |  1333
       Snake:2 |       0 |   29355 |   0.0 |       0 |      43 |   0.0 |  2168
       Snake:3 |       0 |   15725 |   0.0 |       0 |      27 |   0.0 |   860
       Snake:4 |       0 |   52925 |   0.0 |       0 |      78 |   0.0 |  2404
       Slime:1 |       0 |   11729 |   0.0 |       0 |      24 |   0.0 |   383
       Slime:2 |       0 |   11132 |   0.0 |       0 |      14 |   0.0 |   292
       Slime:3 |       0 |    8954 |   0.0 |       0 |      12 |   0.0 |   274
       Slime:4 |       0 |    5766 |   0.0 |       0 |      11 |   0.0 |   294
       Slime:5 |       0 |   52215 |   0.0 |       0 |      33 |   0.0 |  1175
         Orc:1 |       0 |    5766 |   0.0 |       0 |      63 |   0.0 |   798
         Orc:2 |       0 |   12660 |   0.0 |       0 |      45 |   0.0 |  1001
         Elf:1 |       0 |   56363 |   0.0 |       0 |      87 |   0.0 |  1152
         Elf:2 |       0 |   39593 |   0.0 |       0 |      61 |   0.0 |  1225
         Elf:3 |       0 |   58772 |   0.0 |       0 |      59 |   0.0 |  1393
      Vaults:1 |       0 |   38755 |   0.0 |       0 |      69 |   0.0 |  1473
      Vaults:2 |       0 |   42837 |   0.0 |       0 |      80 |   0.0 |  1366
      Vaults:3 |       0 |   47394 |   0.0 |       0 |      86 |   0.0 |  1244
      Vaults:4 |       0 |   52526 |   0.0 |       0 |      57 |   0.0 |  2091
      Vaults:5 |       0 |  118079 |   0.0 |       0 |      99 |   0.0 |  1567
      Depths:1 |       0 |   70956 |   0.0 |       0 |      57 |   0.0 |  1389
      Depths:2 |       0 |   53541 |   0.0 |       0 |      49 |   0.0 |   810
      Depths:3 |       0 |   64758 |   0.0 |       0 |      88 |   0.0 |  1086
      Depths:4 |       0 |  110379 |   0.0 |       0 |      91 |   0.0 |  1476
      Depths:5 |       0 |   72986 |   0.0 |       0 |      51 |   0.0 |   641
          Hell |       0 |   55033 |   0.0 |       0 |      84 |   0.0 |  1069
         Coc:1 |       0 |   22964 |   0.0 |       0 |      48 |   0.0 |   302
         Coc:2 |       0 |    9626 |   0.0 |       0 |      33 |   0.0 |   116
         Coc:3 |       0 |   50835 |   0.0 |       0 |      62 |   0.0 |   482
         Coc:4 |       0 |    1437 |   0.0 |       0 |       5 |   0.0 |    35
         Coc:5 |       0 |   34543 |   0.0 |       0 |      37 |   0.0 |   453
         Coc:6 |       0 |    3832 |   0.0 |       0 |       9 |   0.0 |    56
         Coc:7 |       0 |  188528 |   0.0 |       0 |     204 |   0.0 |  2507
       Abyss:1 |   11925 |   11794 |  50.3 |      18 |      12 |  60.0 |   426
       Abyss:2 |   10226 |    9530 |  51.8 |      14 |      17 |  45.2 |   317
       Abyss:3 |    3184 |       0 | 100.0 |       4 |       0 | 100.0 |    55
       Abyss:4 |   14638 |   31610 |  31.7 |      34 |      53 |  39.1 |   504
       Abyss:5 |    1144 |    1317 |  46.5 |       3 |       2 |  60.0 |    49
         Sewer |       0 |     119 |   0.0 |       0 |      12 |   0.0 |   251
       Volcano |       0 |    4288 |   0.0 |       0 |      22 |   0.0 |   238
        WizLab |       0 |   11122 |   0.0 |       0 |      21 |   0.0 |   395
               +---------+---------+-------+---------+---------+-------+---------
